 Dungeon Crawl Stone Soup version 0.20.1-1-g8b1a95d (webtiles) character file.

13407 Monsterracer the Cleaver (level 11, -10/88 HPs)
             Began as a Demonspawn Gladiator on July 18, 2017.
             Was an Elder of Makhleb.
             Mangled by an orc warrior
             ... wielding a +0 trident
              (16 damage)
             ... on level 11 of the Dungeon on July 19, 2017.
             The game lasted 00:43:42 (10461 turns).

Monsterracer the Cleaver (Demonspawn Gladiator)    Turns: 10461, Time: 00:43:42

Health: -10/88     AC: 12    Str: 15    XL:     11   Next: 75%
Magic:  0/16       EV: 18    Int: 13    God:    Makhleb [****..]
Gold:   191        SH:  4    Dex: 21    Spells: 3/15 levels left

rFire    . . .     SeeInvis .   C - +5 battleaxe
rCold    + . .     Gourm    .   (shield currently unavailable)
rNeg     + . .     Faith    .   K - +2 robe of Vaystoa {Dex+4}
rPois    .         Spirit   +   Q - +0 helmet of the Slorg {rN+ Regen+}
rElec    .         Reflect  +   m - +0 cloak
rCorr    .         Harm     .   (no gloves)
MR       .....                  t - +2 pair of boots
Stlth    ++++++....             H - +4 amulet of reflection (curse)
Regen    0.7/turn               D - ring of protection from cold
MPRegen  0.2/turn               O - +3 ring of intelligence

@: vulnerable
A: rugged brown scales 2, nightstalker 2, magic shield
a: Minor Destruction, Lesser Servant of Makhleb, Major Destruction, Renounce
Religion


You were on level 11 of the Dungeon.
You worshipped Makhleb.
Makhleb was greatly pleased with you.
You were not hungry.

You visited 2 branches of the dungeon, and saw 12 of its levels.
You also visited: Ossuary.

You collected 574 gold pieces.
You spent 383 gold pieces at shops.

Inventory:

Hand Weapons
 A - a +0 broad axe of flaming
 C - a +5 battleaxe (weapon)
Missiles
 d - 2 throwing nets
 s - 259 stones (quivered)
Armour
 m - a +0 cloak (worn)
 t - a +2 pair of boots (worn)
 y - the +4 chain mail of the Sturgeon {MR+ Int+3}
   (You found it on level 4 of the Dungeon)

   It affects your intelligence (+3).
   It affects your resistance to hostile enchantments.
 K - the +2 robe of Vaystoa (worn) {Dex+4}
   (You found it on level 8 of the Dungeon)

   It affects your dexterity (+4).
 Q - the +0 helmet of the Slorg (worn) {rN+ Regen+}
   (You bought it in a shop on level 10 of the Dungeon)

   It protects you from negative energy.
   It increases your rate of regeneration.
Jewellery
 p - an uncursed ring of poison resistance
 D - a ring of protection from cold (left hand)
 H - a cursed +4 amulet of reflection (around neck)
 N - an uncursed ring of positive energy
 O - a +3 ring of intelligence (right hand)
Wands
 r - a wand of iceblast (9/15)
 v - a wand of iceblast (8/15)
 F - a wand of iceblast (10/15)
Scrolls
 a - 2 scrolls of fog
 g - 4 scrolls of magic mapping
 l - 7 scrolls of remove curse
 w - a scroll of amnesia
 x - 2 scrolls of enchant weapon
 z - 4 scrolls of teleportation
 G - a scroll of blinking
 M - 4 scrolls of identify
Potions
 b - 4 potions of brilliance
 e - 7 potions of curing
 h - 5 potions of heal wounds
 i - 2 potions of flight
 k - 5 potions of agility
 q - a potion of might
 u - a potion of resistance
 B - a potion of berserk rage
 E - a potion of invisibility
 I - a potion of mutation
 L - 2 potions of lignification
Books
 J - a book of Necromancy

   Spells                             Type                      Level
   a - Pain                           Necromancy                   1
   b - Animate Skeleton               Necromancy                   1
   c - Vampiric Draining              Necromancy                   3
   d - Regeneration                   Charms/Necromancy            3
   e - Animate Dead                   Necromancy                   4
   f - Control Undead                 Necromancy                   4
Comestibles
 f - 14 bread rations
 j - 7 royal jellies
 n - 3 meat rations
 o - 12 fruits


   Skills:
 + Level 7.1 Fighting
 * Level 10.1 Axes
 - Level 1.7 Throwing
 - Level 4.9 Armour
 + Level 6.9 Dodging
 + Level 6.4 Stealth
 - Level 2.7 Spellcasting
 - Level 4.5 Charms
 - Level 3.4 Necromancy
 + Level 7.7 Invocations


You had 3 spell levels left.
You knew the following spells:

 Your Spells              Type           Power        Failure   Level  Hunger
a - Song of Slaying       Chrm           ##......     5%          2    ###....
b - Regeneration          Chrm/Necr      ##........   14%         3    ###....
c - Spectral Weapon       Hex/Chrm       #.......     26%         3    ###....
e - Animate Dead          Necr           N/A          50%         4    #####..


Dungeon Overview and Level Annotations

Branches:
Dungeon (11/15)            Temple (1/1) D:5            Lair (0/6) D:11
    Orc: D:9-12

Altars:
Ashenzari
Dithmenos
Elyvilon
Gozag
Makhleb
Nemelex Xobeh
Okawaru
Ru
Uskayaw
Zin
The Shining One

Shops:
D:6 ?   D:7 %   D:10 *   D:11 *

Annotations:
D:11 Fannar


Innate Abilities, Weirdness & Mutations

You are mostly covered in rugged brown scales. (AC +2, +5% HP)
You are significantly more attuned to the shadows.
When hurt, damage is shared between your health and your magic reserves.


Message History

You hit the ice beast but do no damage.
Your song has ended.
The ice beast hits you but does no damage.
Fannar hits you with a staff of cold.
* * * LOW MAGIC WARNING * * *
Fannar freezes you!
* * * LOW HITPOINT WARNING * * *
The orc warrior hits you but does no damage.
The ice beast closely misses you.
Huge Dmg: -5%(-5hp) hp: 19%(16hp)
Okay, then.
Fannar murmurs some mystic words to himself.
You hit Fannar.
Fannar is almost dead.
You hit the ice beast. Fannar hits you with a staff of cold.
* * * LOW MAGIC WARNING * * *;
* * * LOW HITPOINT WARNING * * *
Fannar freezes you!
* * * LOW MAGIC WARNING * * *;
* * * LOW HITPOINT WARNING * * *
The orc warrior hits you from afar with a trident!
You die...

#
#.#.###.#.###.#
#
#.#............
................
##.####.##.#....
#. #.#...#...
..# # #.#.#.#
###... #..∩..#
#....
#.#.#####.....
#.#....@#..... #
#####eY)....
#Y†o....
#.....>.
##...... #......
##.....


You could see Fannar, an orc warrior and 2 ice beasts.

Vanquished Creatures
  4 two-headed ogres
  An unseen horror (D:9)
  Pikel (D:7)
  2 centaur zombies
  Psyche (D:8)
  A gargoyle (D:10)
  A komodo dragon (D:10)
  A troll (D:9)
  Prince Ribbit (D:8)
  2 hippogriffs
  A spriggan (D:9)
  A wraith (D:9)
  12 yaks
  A hungry ghost (D:9)
  2 wargs (D:11)
  An ice beast (D:8)
  2 phantoms (D:9)
  9 orc warriors
  2 sky beasts
  5 ogres
  5 centaurs
  3 bullfrogs
  An elf zombie (Ossuary)
  3 scorpions
  3 spriggan skeletons (D:9)
  2 howler monkeys (D:9)
  13 wights
  5 crimson imps
  A quasit (D:9)
  A bullfrog zombie (D:7)
  4 hounds
  A jelly (D:8)
  A gnoll shaman (D:9)
  14 orc priests
  A human zombie (Ossuary)
  12 orc wizards
  2 bullfrog skeletons
  An iguana (D:7)
  3 centaur skeletons
  11 worker ants
  2 killer bee zombies
  A big kobold zombie (Ossuary)
  5 hound zombies
  2 hound skeletons
  4 mummies (Ossuary)
  A worker ant zombie (D:9)
  5 gnolls (D:9)
  8 adders
  A shadow imp (D:5)
  2 oozes
  An adder skeleton (D:8)
  2 adder zombies
  2 worms
  2 dart slugs (D:3)
  6 leopard geckos
  38 orcs
  4 bats
  5 giant cockroaches
  2 gnoll zombies (Ossuary)
  3 goblins
  4 hobgoblins
  6 jackals (D:4)
  2 quokkas
  A ball python (D:3)
  3 frilled lizards
  2 goblin zombies (Ossuary)
  A jackal skeleton (D:4)
  4 kobolds
  2 leopard gecko skeletons (D:4)
  6 rats
265 creatures vanquished.

Vanquished Creatures (others)
  2 hound skeletons (D:7)
  A giant cockroach (D:7)
3 creatures vanquished.

Grand Total: 268 creatures vanquished

Notes
Turn   | Place    | Note
-------+----------+-------------------------------------------
     0 | D:1      | Monsterracer the Demonspawn Gladiator began the quest for the Orb.
     0 | D:1      | Reached XP level 1. HP: 16/16 MP: 1/1
    90 | D:1      | Reached skill level 3 in Axes
   285 | D:1      | Gained mutation: When hurt, damage is shared between your health and your magic reserves. [demonic ancestry]
   285 | D:1      | Reached XP level 2. HP: 15/22 MP: 2/2
   560 | D:2      | Found a sacrificial altar of Ru.
   560 | D:2      | Found an opulent altar of Gozag.
   563 | D:2      | Found a white marble altar of Elyvilon.
   800 | D:2      | Gained mutation: You are slightly more attuned to the shadows. [demonic ancestry]
   800 | D:2      | Reached XP level 3. HP: 27/27 MP: 3/3
   923 | D:2      | Reached skill level 4 in Axes
  1290 | D:3      | Reached XP level 4. HP: 31/33 MP: 4/4
  1319 | D:3      | Noticed an orc warrior
  1336 | D:3      | Reached skill level 1 in Stealth
  2012 | D:4      | Found a sand-covered staircase.
  2018 | Ossuary  | Entered an ossuary
  2040 | Ossuary  | Gained mutation: You are significantly more attuned to the shadows. [demonic ancestry]
  2040 | Ossuary  | Reached XP level 5. HP: 24/39 MP: 2/5
  2077 | Ossuary  | Reached skill level 1 in Armour
  2084 | Ossuary  | Reached skill level 5 in Axes
  2084 | Ossuary  | Gained mutation: You are partially covered in rugged brown scales. (AC +1, +3% HP) [demonic ancestry]
  2084 | Ossuary  | Reached XP level 6. HP: 9/47 MP: 1/6
  2612 | D:4      | Got a dazzling chain mail
  2623 | D:4      | Identified the +4 chain mail of the Sturgeon {MR+ Int+3} (You found it on level 4 of the Dungeon)
  3065 | D:4      | Noticed an orc warrior
  3072 | D:4      | Killed an orc warrior
  3072 | D:4      | Reached XP level 7. HP: 53/53 MP: 5/7
  3622 | D:3      | Reached skill level 6 in Axes
  3813 | D:5      | Entered Level 5 of the Dungeon
  4191 | D:5      | Reached XP level 8. HP: 55/61 MP: 6/8
  4292 | D:5      | Found a staircase to the Ecumenical Temple.
  4299 | Temple   | Entered the Ecumenical Temple
  4308 | Temple   | Became a worshipper of Makhleb the Destroyer
  4916 | D:6      | Reached skill level 1 in Invocations
  5158 | D:6      | Found Putasik's Magic Scroll Boutique.
  5243 | D:6      | Reached skill level 7 in Axes
  5265 | D:6      | Reached * piety under Makhleb
  5568 | D:7      | Found Opevett's Food Shoppe.
  5637 | D:7      | Reached XP level 9. HP: 69/69 MP: 11/11
  5658 | D:7      | Reached skill level 5 in Dodging
  5813 | D:7      | Reached skill level 5 in Fighting
  5836 | D:7      | Noticed Pikel
  5843 | D:7      | Killed Pikel
  5850 | D:7      | Got a dazzling leather armour
  5861 | D:7      | Identified the cursed +0 leather armour of Bejiffo {-Tele rF+ Str+4} (You found it on level 7 of the Dungeon)
  5921 | D:7      | Reached skill level 8 in Axes
  6503 | D:8      | Got a warped robe
  6514 | D:8      | Identified the +2 robe of Vaystoa {Dex+4} (You found it on level 8 of the Dungeon)
  6676 | D:8      | Noticed a two-headed ogre
  6776 | D:8      | Found a hide-covered altar of Uskayaw.
  6776 | D:8      | Found a shattered altar of Ashenzari.
  6879 | D:8      | Killed a two-headed ogre
  6879 | D:8      | Reached ** piety under Makhleb
  6879 | D:8      | Reached skill level 5 in Stealth
  6879 | D:8      | Reached skill level 5 in Invocations
  6879 | D:8      | Reached XP level 10. HP: 54/78 MP: 8/13
  6996 | D:8      | Noticed Prince Ribbit
  6999 | D:8      | Noticed Psyche
  7003 | D:8      | Killed Prince Ribbit
  7006 | D:8      | Killed Psyche
  7053 | D:8      | Learned a level 3 spell: Regeneration
  7057 | D:8      | Learned a level 3 spell: Spectral Weapon
  7059 | D:8      | Learned a level 1 spell: Animate Skeleton
  7063 | D:8      | Learned a level 2 spell: Song of Slaying
  8014 | D:9      | Reached skill level 9 in Axes
  8203 | D:9      | Killed an unseen horror
  8203 | D:9      | Reached *** piety under Makhleb
  8465 | D:9      | Noticed a two-headed ogre
  8483 | D:9      | Killed a two-headed ogre
  8831 | D:9      | Gained mutation: You are mostly covered in rugged brown scales. (AC +2, +5% HP) [demonic ancestry]
  8831 | D:9      | Reached XP level 11. HP: 56/87 MP: 8/16
  8990 | D:9      | Reached skill level 1 in Charms
  8996 | D:9      | Reached skill level 1 in Spellcasting
  9116 | D:10     | Entered Level 10 of the Dungeon
  9188 | D:10     | Found Cesant's Assorted Antiques.
  9191 | D:10     | Bought a dazzling helmet for 361 gold pieces
  9201 | D:10     | Identified the +0 helmet of the Slorg {rN+ Regen+} (You bought it in a shop on level 10 of the Dungeon)
  9300 | D:10     | Reached **** piety under Makhleb
  9354 | D:10     | Reached skill level 10 in Axes
  9460 | D:10     | Reached skill level 1 in Necromancy
  9556 | D:10     | Learned a level 4 spell: Animate Dead
  9773 | D:10     | Noticed a two-headed ogre
  9778 | D:10     | Killed a two-headed ogre
 10088 | D:10     | Noticed a two-headed ogre
 10103 | D:10     | Killed a two-headed ogre
 10426 | D:11     | Found Kamavaor's Assorted Antiques.
 10431 | D:11     | Bought a scroll labeled DUXUED ENAAN for 22 gold pieces
 10436 | D:11     | Found a staircase to the Lair.
 10437 | D:11     | Noticed Fannar
 10461 | D:11     | Mangled by an orc warrior

Skill      XL: |  1  2  3  4  5  6  7  8  9 10 11 |
---------------+----------------------------------+-----
Axes           | 3 4 5 6 7 8 9 10 | 10.1
Stealth        | 1 2 3 5 6 |  6.4
Dodging        | 3 4 5 6 |  6.9
Armour         | 1 2 3 4 |  4.9
Fighting       | 3 4 5 6 7 |  7.1
Invocations    | 3 5 7 |  7.7
Charms         | 4 |  4.5
Spellcasting   | 2 |  2.7
Necromancy     | 3 |  3.4
Throwing       | |  1.7

Action                   |  1- 3 |  4- 6 |  7- 9 | 10-12 || total
-------------------------+-------+-------+-------+-------++-------
Melee: War axe           |    76 |   116 |       |       ||   192
       Broad axe         |       |    18 |   195 |       ||   213
       Battleaxe         |       |       |   105 |   294 ||   399
Throw: Throwing net      |       |     1 |       |       ||     1
       Stone             |       |       |     4 |     3 ||     7
 Cast: Song of Slaying   |       |       |       |     8 ||     8
       Regeneration      |       |       |       |     1 ||     1
Invok: Minor Destruction |       |       |       |    14 ||    14
       Major Destruction |       |       |       |     1 ||     1
Evoke: Wand              |       |       |       |     2 ||     2
  Use: Scroll            |       |    12 |    11 |     4 ||    27
       Potion            |       |     7 |     2 |       ||     9
 Stab: Sleeping          |     2 |     5 |     3 |    15 ||    25
       Distracted        |       |       |       |     2 ||     2
  Eat: Chunk             |     1 |     6 |    12 |    15 ||    34
       Fruit             |       |       |       |     1 ||     1
Armor: Leather armour    |     6 |       |       |       ||     6
       Ring mail         |    23 |    89 |       |       ||   112
       Chain mail        |       |    10 |   239 |     4 ||   253
       Robe              |       |       |       |   120 ||   120
       Scale mail        |       |       |       |     2 ||     2
Dodge: Dodged            |    38 |   115 |   137 |   284 ||   574
Block: Other             |       |       |     4 |    65 ||    69
